Kings vs Devils

Created - September-08-13 at 10:31

Simulating a Pre-Season

Goals
1 2 3 T
Kings 2 0 1 3
Devils 1 0 0 1
Shots
1 2 3 T
Kings 13 4 5 22
Devils 15 10 5 30

1st period

1. Kings , Joe Corvo 1 (Dustin Penner, Jamie McBain) at 1:12
2. Devils , Trevor Daley 1 (Jonathan Huberdeau, Saku Koivu) at 3:07
3. Kings , Mike Richards 1 (Tobias Enstrom, Sergei Gonchar) at 5:26 (PP)

Penalties :
Nikita Nikitin (NJD) for Hooking (Minor) at 5:04, Jarret Stoll (LOS) for Roughing (Minor) at 5:35, Niklas Hjalmarsson (NJD) for Hooking (Minor) at 8:07, Trevor Lewis (NJD) for Hooking (Minor) at 12:22

2nd period

No Goal

Penalties :
Mike Weaver (NJD) for Hooking (Minor) at 5:39, Jonathan Huberdeau (NJD) for High sticking (Minor) at 15:32

3rd period

4. Kings , Ryan Nugent-Hopkins 3 (Vyacheslav Voynov, Mike Richards) at 8:48

Penalties :
Jarret Stoll (LOS) for High sticking (Minor) at 18:38

Goalie Stats

Jacob Markstrom (LOS), 29 saves from 30 shots - (0.967), W, 2-1-0, 60:00 minutes
Sergei Bobrovsky (NJD), 19 saves from 22 shots - (0.864), L, 2-1-0, 60:00 minutes

Players Stats for Kings

Player Name              G  A  P  +/- PIM S  H  SB GA TA FO     MP     PP MP  PK MP  
------------------------------------------------------------------------------------
Dustin Penner            0  1  1   0  0   2  4  0  0  0  0/0    12:25   0:00   0:00 
Jamie McBain             0  1  1   1  0   0  0  2  0  0  0/0    10:40   0:36   0:00 
Jarret Stoll             0  0  0   0  4   1  3  0  0  0  7/27   15:22   4:15   0:00 
Joe Corvo                1  0  1   1  0   3  1  1  0  0  0/0    14:56   4:25   0:27 
Justin Faulk             0  0  0   1  0   1  1  1  0  0  0/0    21:49   0:36   1:57 
Kyle Palmieri            0  0  0   0  0   3  0  0  0  0  0/0    13:55   0:36   0:54 
Matt Hendricks           0  0  0   0  0   0  1  0  0  0  3/6     5:30   0:00   1:26 
Michael Frolik           0  0  0   0  0   1  0  0  0  0  1/2     9:53   4:15   1:34 
Mike Richards            1  1  2   1  0   2  1  0  0  0  1/2    25:36   3:27   1:00 
Mikhail Grabovski        0  0  0   0  0   1  0  0  0  0  7/17   16:27   0:36   0:20 
Nail Yakupov             0  0  0   1  0   0  3  1  0  0  0/1    21:05   3:27   0:00 
Robyn Regehr             0  0  0   0  0   0  1  0  0  0  0/0     7:38   0:00   1:48 
Ryan Nugent-Hopkins      1  0  1   1  0   1  2  0  0  0  12/26  21:05   3:27   0:00 
Ryan Smyth               0  0  0   0  0   3  2  0  0  0  2/3    20:29   4:15   1:26 
Sergei Gonchar           0  1  1  -1  0   0  0  1  0  0  0/0    23:24   3:17   1:05 
Tobias Enstrom           0  1  1  -1  0   3  0  1  0  0  0/0    23:24   3:17   1:05 
Vyacheslav Voynov        0  1  1   1  0   1  3  2  0  0  0/0    18:09   4:25   0:18 
Wojtek Wolski            0  0  0   0  0   0  0  0  0  0  1/2    14:51   0:36   0:00 

Players Stats for Devils

Player Name              G  A  P  +/- PIM S  H  SB GA TA FO     MP     PP MP  PK MP  
------------------------------------------------------------------------------------
Ales Hemsky              0  0  0   1  0   0  0  0  0  0  1/2    16:05   1:19   0:00 
Antoine Roussel          0  0  0  -1  0   0  2  0  0  0  1/1     7:13   0:00   0:00 
Artem Anisimov           0  0  0   0  0   2  0  0  0  0  7/17   18:34   2:01   0:00 
Christian Ehrhoff        0  0  0   0  0   3  2  4  0  0  0/0    26:21   2:01   5:20 
Clarke MacArthur         0  0  0  -1  0   1  0  0  0  0  0/1     9:50   0:00   0:00 
James van Riemsdyk       0  0  0   0  0   5  2  0  0  0  1/1    18:34   2:01   0:00 
Jonathan Huberdeau       0  1  1   1  2   2  3  0  0  0  0/0    16:04   1:19   0:00 
Josh Bailey              0  0  0   0  0   5  0  0  0  0  0/2    18:34   2:01   0:00 
Mark Letestu             0  0  0  -1  0   4  0  0  0  0  8/14   16:04   1:19   4:55 
Mark Streit              0  0  0   0  0   0  1  0  0  0  0/0    16:59   2:01   0:19 
Mike Weaver              0  0  0   0  2   3  7  1  0  0  0/0    19:18   0:00   3:48 
Nikita Nikitin           0  0  0  -1  2   1  0  2  0  0  0/0    23:16   1:19   3:46 
Niklas Hjalmarsson       0  0  0  -1  2   1  1  2  0  0  0/0    21:34   0:00   3:23 
Saku Koivu               0  1  1   1  0   0  0  0  0  0  18/21  18:09   0:00   3:23 
Tommy Wingels            0  0  0  -1  0   0  3  0  0  0  2/2    13:13   0:00   3:23 
Trevor Daley             1  0  1   0  0   1  1  0  0  0  0/0    12:29   1:19   0:00 
Trevor Lewis             0  0  0  -1  2   1  0  0  0  0  0/0     7:12   0:00   0:00 
Vladimir Sobotka         0  0  0  -1  0   1  2  0  0  0  14/25  12:08   0:00   4:55 

3 Stars

1 - Jacob Markstrom (LOS)
2 - Mike Richards (LOS)
3 - Ryan Nugent-Hopkins (LOS)

Power Play

Kings - 1 on 5 Attempt(s) - 20.00%
Devils - 0 on 2 Attempt(s) - 0.00%

Penalty Kill

Kings - 2 on 2 Attempt(s) - 100.00% - Score 0 goal in Penalty Kill
Devils - 4 on 5 Attempt(s) - 80.00% - Score 0 goal in Penalty Kill

Official

Referees : Mike Hasenfratz and Francois StLaurent
Linesman : Brian Murphy and Pierre Racicot

Game Notes

No Game Note

% Time on Ice - Kings

Lines # - Real PCT - Wanted PCT - Time Play
Normal Forward
1 - 36% - 35% - 17:38
2 - 29% - 30% - 14:15
3 - 26% - 20% - 12:25
4 - 8% - 15% - 4:04
Normal Defense
1 - 39% - 35% - 19:02
2 - 28% - 30% - 13:26
3 - 21% - 20% - 10:04
4 - 12% - 15% - 5:50
PP Forward
1 - 49% - 55% - 4:03
2 - 51% - 45% - 4:15
PP Defense
1 - 47% - 55% - 3:53
2 - 53% - 45% - 4:25
PK Forward
1 - 57% - 55% - 1:54
2 - 43% - 45% - 1:26
PK Defense
1 - 33% - 55% - 1:05
2 - 68% - 45% - 2:15
PK3 Forward
1 - 0% - 55%
2 - 0% - 45%
PK3 Defense
1 - 0% - 55%
2 - 0% - 45%
44 Forward
1 - 0% - 50%
2 - 0% - 50%
44 Defense
1 - 0% - 50%
2 - 0% - 50%
Last Minute Offensive  - 0:00
Last Minute Defensive  - 0:00
Total
Forward - 60:00
Defense - 60:00

% Time on Ice - Devils

Lines # - Real PCT - Wanted PCT - Time Play
Normal Forward
1 - 34% - 35% - 16:33
2 - 31% - 30% - 14:46
3 - 20% - 20% - 9:50
4 - 15% - 15% - 7:13
Normal Defense
1 - 38% - 35% - 18:12
2 - 32% - 35% - 15:31
3 - 23% - 20% - 11:10
4 - 7% - 10% - 3:29
PP Forward
1 - 61% - 60% - 2:01
2 - 40% - 40% - 1:19
PP Defense
1 - 61% - 60% - 2:01
2 - 40% - 40% - 1:19
PK Forward
1 - 59% - 55% - 4:55
2 - 41% - 45% - 3:23
PK Defense
1 - 55% - 55% - 4:32
2 - 45% - 45% - 3:46
PK3 Forward
1 - 0% - 50%
2 - 0% - 50%
PK3 Defense
1 - 0% - 50%
2 - 0% - 50%
44 Forward
1 - 0% - 50%
2 - 0% - 50%
44 Defense
1 - 0% - 50%
2 - 0% - 50%
Last Minute Offensive  - 0:00
Last Minute Defensive  - 0:00
Total
Forward - 60:00
Defense - 60:00

Play by Play

1st period


0:01 of 1st period - Artem Anisimov wins face-off versus Ryan Nugent-Hopkins in neutral zone.
0:04 of 1st period - Sergei Gonchar is hit by James van Riemsdyk and loses puck.
0:33 of 1st period - Shot by Ryan Nugent-Hopkins.
0:33 of 1st period - Shot Misses the Net.
0:41 of 1st period - Shot by James van Riemsdyk.
0:41 of 1st period - Stopped by Jacob Markstrom without a rebound.
0:42 of 1st period - Mikhail Grabovski wins face-off versus Ales Hemsky in Kings zone.
0:44 of 1st period - Icing by Justin Faulk.
0:45 of 1st period - Ales Hemsky wins face-off versus Mikhail Grabovski in Kings zone.
0:54 of 1st period - Shot by Ryan Smyth.
0:54 of 1st period - Stopped by Sergei Bobrovsky without a rebound.
0:55 of 1st period - Jarret Stoll wins face-off versus Mark Letestu in Devils zone.
1:10 of 1st period - Shot by Dustin Penner.
1:10 of 1st period - Stopped by Sergei Bobrovsky with a rebound.
1:12 of 1st period - Shot by Joe Corvo.
1:12 of 1st period - Goal by Joe Corvo - Kings : 1 - Devils : 0.
1:13 of 1st period - Vladimir Sobotka wins face-off versus Michael Frolik in neutral zone.
1:13 of 1st period - Vladimir Sobotka is hit by Matt Hendricks.
1:39 of 1st period - Shot by Trevor Lewis.
1:39 of 1st period - Stopped by Jacob Markstrom with a rebound.
2:15 of 1st period - Icing by Jamie McBain.
2:16 of 1st period - Tommy Wingels wins face-off versus Wojtek Wolski in Kings zone.
2:33 of 1st period - Shot by Mark Letestu.
2:33 of 1st period - Stopped by Jacob Markstrom without a rebound.
2:34 of 1st period - Saku Koivu wins face-off versus Jarret Stoll in Kings zone.
3:05 of 1st period - Shot by Jonathan Huberdeau.
3:05 of 1st period - Stopped by Jacob Markstrom with a rebound.
3:07 of 1st period - Shot by Trevor Daley.
3:07 of 1st period - Goal by Trevor Daley - Kings : 1 - Devils : 1.
3:08 of 1st period - Mikhail Grabovski wins face-off versus Artem Anisimov in neutral zone.
3:24 of 1st period - Shot by Artem Anisimov.
3:24 of 1st period - Shot Misses the Net.
3:28 of 1st period - Shot by James van Riemsdyk.
3:28 of 1st period - Stopped by Jacob Markstrom without a rebound.
3:29 of 1st period - Ryan Nugent-Hopkins wins face-off versus Clarke MacArthur in Kings zone.
3:29 of 1st period - Ryan Nugent-Hopkins is hit by Tommy Wingels.
3:50 of 1st period - Nail Yakupov is hit by Mike Weaver and loses puck.
4:12 of 1st period - Mike Richards is hit by Christian Ehrhoff and loses puck.
4:24 of 1st period - Off-side.
4:25 of 1st period - Artem Anisimov wins face-off versus Mikhail Grabovski in neutral zone.
5:04 of 1st period - Minor Penalty to Nikita Nikitin for Hooking.
5:05 of 1st period - Ryan Nugent-Hopkins wins face-off versus Vladimir Sobotka in Devils zone.
5:18 of 1st period - Shot by Tobias Enstrom.
5:18 of 1st period - Shot Misses the Net.
5:20 of 1st period - Shot by Sergei Gonchar.
5:20 of 1st period - Shot Blocked by Niklas Hjalmarsson.
5:22 of 1st period - Shot by Sergei Gonchar.
5:22 of 1st period - Shot Misses the Net.
5:24 of 1st period - Shot by Tobias Enstrom.
5:24 of 1st period - Shot Misses the Net.
5:26 of 1st period - Shot by Mike Richards.
5:26 of 1st period - Goal by Mike Richards - Kings : 2 - Devils : 1.
5:27 of 1st period - Jarret Stoll wins face-off versus Saku Koivu in neutral zone.
5:35 of 1st period - Minor Penalty to Jarret Stoll for Roughing.
5:36 of 1st period - Michael Frolik wins face-off versus Artem Anisimov in Kings zone.
6:01 of 1st period - Shot by Christian Ehrhoff.
6:01 of 1st period - Stopped by Jacob Markstrom with a rebound.
6:03 of 1st period - Shot by Artem Anisimov.
6:03 of 1st period - Shot Misses the Net.
6:05 of 1st period - Shot by Josh Bailey.
6:05 of 1st period - Stopped by Jacob Markstrom without a rebound.
6:06 of 1st period - Matt Hendricks wins face-off versus Mark Letestu in Kings zone.
6:06 of 1st period - Matt Hendricks is hit by Jonathan Huberdeau.
7:11 of 1st period - Shot by Christian Ehrhoff.
7:11 of 1st period - Stopped by Jacob Markstrom with a rebound.
7:35 of 1st period - Shot by James van Riemsdyk.
7:35 of 1st period - Shot Blocked by Jamie McBain.
7:37 of 1st period - Shot by Niklas Hjalmarsson.
7:37 of 1st period - Stopped by Jacob Markstrom without a rebound.
7:38 of 1st period - Jarret Stoll wins face-off versus Vladimir Sobotka in Kings zone.
7:38 of 1st period - Jarret Stoll is hit by Vladimir Sobotka.
8:07 of 1st period - Minor Penalty to Niklas Hjalmarsson for Hooking.
8:08 of 1st period - Vladimir Sobotka wins face-off versus Ryan Nugent-Hopkins in Devils zone.
8:15 of 1st period - Shot by Tobias Enstrom.
8:15 of 1st period - Stopped by Sergei Bobrovsky with a rebound.
8:21 of 1st period - Shot by Ryan Nugent-Hopkins.
8:21 of 1st period - Shot Misses the Net.
8:23 of 1st period - Shot by Tobias Enstrom.
8:23 of 1st period - Stopped by Sergei Bobrovsky without a rebound.
8:24 of 1st period - Saku Koivu wins face-off versus Jarret Stoll in Devils zone.
8:46 of 1st period - Off-side.
8:47 of 1st period - Ryan Nugent-Hopkins wins face-off versus Vladimir Sobotka in neutral zone.
9:09 of 1st period - Ryan Nugent-Hopkins is hit by Mike Weaver and loses puck.
9:16 of 1st period - Shot by Sergei Gonchar.
9:16 of 1st period - Shot Misses the Net.
9:18 of 1st period - Shot by Ryan Nugent-Hopkins.
9:18 of 1st period - Shot Blocked by Christian Ehrhoff.
9:20 of 1st period - Shot by Tobias Enstrom.
9:20 of 1st period - Shot Misses the Net.
9:22 of 1st period - Shot by Tobias Enstrom.
9:22 of 1st period - Stopped by Sergei Bobrovsky without a rebound.
9:23 of 1st period - Saku Koivu wins face-off versus Jarret Stoll in Devils zone.
9:34 of 1st period - Shot by Joe Corvo.
9:34 of 1st period - Shot Blocked by Nikita Nikitin.
9:36 of 1st period - Shot by Vyacheslav Voynov.
9:36 of 1st period - Shot Misses the Net.
9:38 of 1st period - Shot by Joe Corvo.
9:38 of 1st period - Stopped by Sergei Bobrovsky without a rebound.
9:39 of 1st period - Vladimir Sobotka wins face-off versus Jarret Stoll in Devils zone.
9:56 of 1st period - Shot by Vyacheslav Voynov.
9:56 of 1st period - Stopped by Sergei Bobrovsky without a rebound.
9:57 of 1st period - Vladimir Sobotka wins face-off versus Ryan Nugent-Hopkins in Devils zone.
11:44 of 1st period - Trevor Daley is hit by Nail Yakupov and loses puck.
12:15 of 1st period - Shot by Kyle Palmieri.
12:15 of 1st period - Stopped by Sergei Bobrovsky without a rebound.
12:16 of 1st period - Vladimir Sobotka wins face-off versus Jarret Stoll in Devils zone.
12:20 of 1st period - Trevor Lewis is hit by Justin Faulk and loses puck.
12:22 of 1st period - Minor Penalty to Trevor Lewis for Hooking.
12:23 of 1st period - Ryan Smyth wins face-off versus Vladimir Sobotka in Devils zone.
12:58 of 1st period - Shot by Vyacheslav Voynov.
12:58 of 1st period - Shot Misses the Net.
13:02 of 1st period - Shot by Jarret Stoll.
13:02 of 1st period - Stopped by Sergei Bobrovsky without a rebound.
13:03 of 1st period - Vladimir Sobotka wins face-off versus Ryan Nugent-Hopkins in Devils zone.
13:21 of 1st period - Tobias Enstrom is hit by Mike Weaver and loses puck.
13:39 of 1st period - Icing by Sergei Gonchar.
13:40 of 1st period - Ryan Nugent-Hopkins wins face-off versus Vladimir Sobotka in Kings zone.
14:08 of 1st period - Shot by Vyacheslav Voynov.
14:08 of 1st period - Shot Blocked by Christian Ehrhoff.
14:10 of 1st period - Shot by Michael Frolik.
14:10 of 1st period - Stopped by Sergei Bobrovsky without a rebound.
14:11 of 1st period - Saku Koivu wins face-off versus Ryan Smyth in Devils zone.
14:50 of 1st period - Shot by James van Riemsdyk.
14:50 of 1st period - Stopped by Jacob Markstrom without a rebound.
14:51 of 1st period - Saku Koivu wins face-off versus Jarret Stoll in Kings zone.
15:32 of 1st period - Shot by Mike Weaver.
15:32 of 1st period - Stopped by Jacob Markstrom without a rebound.
15:33 of 1st period - Ryan Nugent-Hopkins wins face-off versus Artem Anisimov in Kings zone.
15:33 of 1st period - Ryan Nugent-Hopkins is hit by James van Riemsdyk.
15:54 of 1st period - Shot by Josh Bailey.
15:54 of 1st period - Stopped by Jacob Markstrom with a rebound.
16:07 of 1st period - Niklas Hjalmarsson is hit by Vyacheslav Voynov and loses puck.
16:13 of 1st period - Josh Bailey is hit by Vyacheslav Voynov and loses puck.
16:16 of 1st period - Shot by Artem Anisimov.
16:16 of 1st period - Stopped by Jacob Markstrom without a rebound.
16:17 of 1st period - Wojtek Wolski wins face-off versus Mark Letestu in Kings zone.
16:17 of 1st period - Joe Corvo is hit by Tommy Wingels and loses puck.
16:43 of 1st period - Shot by Clarke MacArthur.
16:43 of 1st period - Shot Misses the Net.
16:45 of 1st period - Shot by Christian Ehrhoff.
16:45 of 1st period - Shot Blocked by Jamie McBain.
16:47 of 1st period - Shot by Christian Ehrhoff.
16:47 of 1st period - Shot Misses the Net.
17:57 of 1st period - Shot by Kyle Palmieri.
17:57 of 1st period - Stopped by Sergei Bobrovsky without a rebound.
17:58 of 1st period - Ryan Nugent-Hopkins wins face-off versus Josh Bailey in Devils zone.
18:04 of 1st period - Mike Richards is hit by Mike Weaver and loses puck.
18:36 of 1st period - Ryan Nugent-Hopkins is hit by Mike Weaver and loses puck.
18:48 of 1st period - Icing by Christian Ehrhoff.
18:49 of 1st period - Jarret Stoll wins face-off versus Artem Anisimov in Devils zone.
19:28 of 1st period - Shot by Jonathan Huberdeau.
19:28 of 1st period - Stopped by Jacob Markstrom without a rebound.
19:29 of 1st period - Vladimir Sobotka wins face-off versus Mikhail Grabovski in Kings zone.
19:46 of 1st period - Trevor Lewis is hit by Ryan Smyth and loses puck.

2nd period


0:01 of 2nd period - Saku Koivu wins face-off versus Ryan Nugent-Hopkins in neutral zone.
0:13 of 2nd period - Shot by Saku Koivu.
0:13 of 2nd period - Shot Blocked by Vyacheslav Voynov.
1:37 of 2nd period - Shot by Josh Bailey.
1:37 of 2nd period - Stopped by Jacob Markstrom without a rebound.
1:38 of 2nd period - Mark Letestu wins face-off versus Jarret Stoll in Kings zone.
1:59 of 2nd period - Shot by Dustin Penner.
1:59 of 2nd period - Stopped by Sergei Bobrovsky without a rebound.
2:00 of 2nd period - Mike Richards wins face-off versus Vladimir Sobotka in Devils zone.
2:23 of 2nd period - Robyn Regehr is hit by Antoine Roussel and loses puck.
2:49 of 2nd period - Icing by Antoine Roussel.
2:50 of 2nd period - Antoine Roussel wins face-off versus Mikhail Grabovski in Devils zone.
2:54 of 2nd period - Off-side.
2:55 of 2nd period - Mikhail Grabovski wins face-off versus Artem Anisimov in neutral zone.
2:57 of 2nd period - Off-side.
2:58 of 2nd period - Artem Anisimov wins face-off versus Mikhail Grabovski in neutral zone.
3:14 of 2nd period - Shot by Josh Bailey.
3:14 of 2nd period - Stopped by Jacob Markstrom without a rebound.
3:15 of 2nd period - Saku Koivu wins face-off versus Jarret Stoll in Kings zone.
4:52 of 2nd period - Icing by Mike Richards.
4:53 of 2nd period - Artem Anisimov wins face-off versus Mike Richards in Kings zone.
4:56 of 2nd period - Shot by James van Riemsdyk.
4:56 of 2nd period - Stopped by Jacob Markstrom without a rebound.
4:57 of 2nd period - Ryan Smyth wins face-off versus Artem Anisimov in Kings zone.
5:24 of 2nd period - Shot by Christian Ehrhoff.
5:24 of 2nd period - Stopped by Jacob Markstrom with a rebound.
5:26 of 2nd period - Shot by Artem Anisimov.
5:26 of 2nd period - Deflect By Josh Bailey.
5:26 of 2nd period - Shot Misses the Net.
5:39 of 2nd period - Minor Penalty to Mike Weaver for Hooking.
5:40 of 2nd period - Vladimir Sobotka wins face-off versus Ryan Nugent-Hopkins in Devils zone.
5:40 of 2nd period - Vladimir Sobotka is hit by Mike Richards.
5:47 of 2nd period - Icing by Sergei Gonchar.
5:48 of 2nd period - Ryan Nugent-Hopkins wins face-off versus Vladimir Sobotka in Kings zone.
5:48 of 2nd period - Ryan Nugent-Hopkins is hit by Vladimir Sobotka.
6:02 of 2nd period - Shot by Nail Yakupov.
6:02 of 2nd period - Shot Blocked by Nikita Nikitin.
6:04 of 2nd period - Shot by Sergei Gonchar.
6:04 of 2nd period - Shot Misses the Net.
6:08 of 2nd period - Shot by Mike Richards.
6:08 of 2nd period - Stopped by Sergei Bobrovsky without a rebound.
6:09 of 2nd period - Jarret Stoll wins face-off versus Vladimir Sobotka in Devils zone.
6:14 of 2nd period - Shot by Ryan Smyth.
6:14 of 2nd period - Stopped by Sergei Bobrovsky without a rebound.
6:15 of 2nd period - Vladimir Sobotka wins face-off versus Jarret Stoll in Devils zone.
6:24 of 2nd period - Niklas Hjalmarsson is hit by Ryan Smyth and loses puck.
6:40 of 2nd period - Off-side.
6:41 of 2nd period - Mark Letestu wins face-off versus Nail Yakupov in neutral zone.
6:41 of 2nd period - Mark Letestu is hit by Nail Yakupov.
7:19 of 2nd period - Shot by Vyacheslav Voynov.
7:19 of 2nd period - Shot Blocked by Christian Ehrhoff.
7:34 of 2nd period - Icing by Tobias Enstrom.
7:35 of 2nd period - Saku Koivu wins face-off versus Jarret Stoll in Kings zone.
7:44 of 2nd period - Shot by Artem Anisimov.
7:44 of 2nd period - Stopped by Jacob Markstrom without a rebound.
7:45 of 2nd period - Mikhail Grabovski wins face-off versus Artem Anisimov in Kings zone.
7:58 of 2nd period - Off-side.
7:59 of 2nd period - Saku Koivu wins face-off versus Jarret Stoll in neutral zone.
9:24 of 2nd period - Shot by Josh Bailey.
9:24 of 2nd period - Stopped by Jacob Markstrom without a rebound.
9:25 of 2nd period - Tommy Wingels wins face-off versus Mikhail Grabovski in Kings zone.
9:25 of 2nd period - Tommy Wingels is hit by Joe Corvo.
9:29 of 2nd period - Shot by Mark Letestu.
9:29 of 2nd period - Stopped by Jacob Markstrom without a rebound.
9:30 of 2nd period - Mark Letestu wins face-off versus Mikhail Grabovski in Kings zone.
9:41 of 2nd period - Shot by Clarke MacArthur.
9:41 of 2nd period - Stopped by Jacob Markstrom without a rebound.
9:42 of 2nd period - James van Riemsdyk wins face-off versus Ryan Nugent-Hopkins in Kings zone.
10:11 of 2nd period - Shot by James van Riemsdyk.
10:11 of 2nd period - Shot Misses the Net.
10:13 of 2nd period - Shot by Josh Bailey.
10:13 of 2nd period - Shot Blocked by Vyacheslav Voynov.
10:15 of 2nd period - Shot by Artem Anisimov.
10:15 of 2nd period - Shot Blocked by Nail Yakupov.
10:17 of 2nd period - Shot by Nikita Nikitin.
10:17 of 2nd period - Stopped by Jacob Markstrom without a rebound.
10:18 of 2nd period - Mark Letestu wins face-off versus Mikhail Grabovski in Kings zone.
10:33 of 2nd period - Shot by Mike Weaver.
10:33 of 2nd period - Shot Misses the Net.
10:48 of 2nd period - Off-side.
10:49 of 2nd period - Vladimir Sobotka wins face-off versus Jarret Stoll in neutral zone.
11:26 of 2nd period - Off-side.
11:27 of 2nd period - Ryan Nugent-Hopkins wins face-off versus Artem Anisimov in neutral zone.
11:46 of 2nd period - Icing by Sergei Gonchar.
11:47 of 2nd period - Mark Letestu wins face-off versus Ryan Nugent-Hopkins in Kings zone.
12:01 of 2nd period - Icing by Clarke MacArthur.
12:02 of 2nd period - Mikhail Grabovski wins face-off versus Mark Letestu in Devils zone.
13:23 of 2nd period - Icing by Tobias Enstrom.
13:24 of 2nd period - Ryan Nugent-Hopkins wins face-off versus Saku Koivu in Kings zone.
13:24 of 2nd period - Ryan Nugent-Hopkins is hit by Jonathan Huberdeau.
13:29 of 2nd period - Sergei Gonchar is hit by Trevor Daley and loses puck.
13:41 of 2nd period - Icing by Sergei Gonchar.
13:42 of 2nd period - Artem Anisimov wins face-off versus Ryan Nugent-Hopkins in Kings zone.
14:36 of 2nd period - Shot by Jonathan Huberdeau.
14:36 of 2nd period - Shot Misses the Net.
14:45 of 2nd period - Icing by Tobias Enstrom.
14:46 of 2nd period - Ryan Nugent-Hopkins wins face-off versus Vladimir Sobotka in Kings zone.
15:32 of 2nd period - Minor Penalty to Jonathan Huberdeau for High sticking.
15:33 of 2nd period - Saku Koivu wins face-off versus Jarret Stoll in Devils zone.
15:52 of 2nd period - Niklas Hjalmarsson is hit by Jarret Stoll and loses puck.
16:11 of 2nd period - Shot by Joe Corvo.
16:11 of 2nd period - Stopped by Sergei Bobrovsky without a rebound.
16:12 of 2nd period - Vladimir Sobotka wins face-off versus Jarret Stoll in Devils zone.
16:50 of 2nd period - Ryan Smyth is hit by Mike Weaver and loses puck.
17:51 of 2nd period - Shot by Artem Anisimov.
17:51 of 2nd period - Shot Misses the Net.
18:10 of 2nd period - Shot by Artem Anisimov.
18:10 of 2nd period - Shot Blocked by Justin Faulk.
18:28 of 2nd period - Saku Koivu is hit by Dustin Penner and loses puck.
18:43 of 2nd period - Shot by Ales Hemsky.
18:43 of 2nd period - Shot Misses the Net.
18:45 of 2nd period - Shot by Mike Weaver.
18:45 of 2nd period - Shot Misses the Net.
18:47 of 2nd period - Shot by Mike Weaver.
18:47 of 2nd period - Stopped by Jacob Markstrom without a rebound.
18:48 of 2nd period - Matt Hendricks wins face-off versus Mark Letestu in Kings zone.

3rd period


0:01 of 3rd period - Artem Anisimov wins face-off versus Matt Hendricks in neutral zone.
0:51 of 3rd period - Icing by Vyacheslav Voynov.
0:52 of 3rd period - Saku Koivu wins face-off versus Matt Hendricks in Kings zone.
1:22 of 3rd period - Mikhail Grabovski is hit by Niklas Hjalmarsson and loses puck.
1:29 of 3rd period - Shot by Ryan Smyth.
1:29 of 3rd period - Stopped by Sergei Bobrovsky without a rebound.
1:30 of 3rd period - Jarret Stoll wins face-off versus Vladimir Sobotka in Devils zone.
1:38 of 3rd period - Icing by Tobias Enstrom.
1:39 of 3rd period - Mark Letestu wins face-off versus Jarret Stoll in Kings zone.
1:42 of 3rd period - Shot by Tommy Wingels.
1:42 of 3rd period - Shot Blocked by Sergei Gonchar.
1:59 of 3rd period - Shot by Jarret Stoll.
1:59 of 3rd period - Shot Misses the Net.
2:47 of 3rd period - Artem Anisimov is hit by Vyacheslav Voynov and loses puck.
4:33 of 3rd period - Trevor Daley is hit by Dustin Penner and loses puck.
4:48 of 3rd period - Shot by Vladimir Sobotka.
4:48 of 3rd period - Stopped by Jacob Markstrom without a rebound.
4:49 of 3rd period - Mark Letestu wins face-off versus Matt Hendricks in Kings zone.
5:00 of 3rd period - Shot by Mark Letestu.
5:00 of 3rd period - Stopped by Jacob Markstrom with a rebound.
5:09 of 3rd period - Clarke MacArthur is hit by Robyn Regehr and loses puck.
6:01 of 3rd period - Shot by Kyle Palmieri.
6:01 of 3rd period - Stopped by Sergei Bobrovsky without a rebound.
6:02 of 3rd period - Saku Koivu wins face-off versus Mikhail Grabovski in Devils zone.
6:11 of 3rd period - Shot by Mike Weaver.
6:11 of 3rd period - Stopped by Jacob Markstrom without a rebound.
6:12 of 3rd period - Mikhail Grabovski wins face-off versus Josh Bailey in Kings zone.
7:31 of 3rd period - Icing by Mike Weaver.
7:32 of 3rd period - Saku Koivu wins face-off versus Jarret Stoll in Devils zone.
7:32 of 3rd period - Saku Koivu is hit by Jarret Stoll.
7:50 of 3rd period - Mike Weaver is hit by Dustin Penner and loses puck.
8:44 of 3rd period - Shot by Mike Richards.
8:44 of 3rd period - Shot Misses the Net.
8:46 of 3rd period - Shot by Vyacheslav Voynov.
8:46 of 3rd period - Shot Misses the Net.
8:48 of 3rd period - Shot by Ryan Nugent-Hopkins.
8:48 of 3rd period - Goal by Ryan Nugent-Hopkins - Kings : 3 - Devils : 1.
8:49 of 3rd period - Mark Letestu wins face-off versus Mikhail Grabovski in neutral zone.
8:55 of 3rd period - Shot by Mark Letestu.
8:55 of 3rd period - Shot Misses the Net.
8:57 of 3rd period - Shot by Mark Letestu.
8:57 of 3rd period - Shot Blocked by Joe Corvo.
9:32 of 3rd period - Shot by Clarke MacArthur.
9:32 of 3rd period - Deflect By Mark Letestu.
9:32 of 3rd period - Stopped by Jacob Markstrom without a rebound.
9:33 of 3rd period - Artem Anisimov wins face-off versus Ryan Nugent-Hopkins in Kings zone.
9:48 of 3rd period - Icing by Nail Yakupov.
9:49 of 3rd period - Ryan Nugent-Hopkins wins face-off versus Saku Koivu in Kings zone.
10:00 of 3rd period - Shot by Nail Yakupov.
10:00 of 3rd period - Shot Blocked by Niklas Hjalmarsson.
10:13 of 3rd period - Shot by Justin Faulk.
10:13 of 3rd period - Stopped by Sergei Bobrovsky without a rebound.
10:14 of 3rd period - Mikhail Grabovski wins face-off versus Artem Anisimov in Devils zone.
10:14 of 3rd period - Tobias Enstrom is hit by Christian Ehrhoff and loses puck.
10:17 of 3rd period - Shot by Sergei Gonchar.
10:17 of 3rd period - Shot Blocked by Christian Ehrhoff.
10:19 of 3rd period - Shot by Sergei Gonchar.
10:19 of 3rd period - Shot Blocked by Mike Weaver.
10:40 of 3rd period - Ryan Smyth is hit by Mike Weaver and loses puck.
11:41 of 3rd period - Shot by Nail Yakupov.
11:41 of 3rd period - Shot Misses the Net.
11:44 of 3rd period - Icing by Jonathan Huberdeau.
11:45 of 3rd period - Saku Koivu wins face-off versus Jarret Stoll in Devils zone.
11:45 of 3rd period - Saku Koivu is hit by Jarret Stoll.
11:53 of 3rd period - Icing by Jamie McBain.
11:54 of 3rd period - Vladimir Sobotka wins face-off versus Jarret Stoll in Kings zone.
12:07 of 3rd period - Icing by Antoine Roussel.
12:08 of 3rd period - Vladimir Sobotka wins face-off versus Ryan Nugent-Hopkins in Devils zone.
12:08 of 3rd period - Vladimir Sobotka is hit by Ryan Nugent-Hopkins.
12:18 of 3rd period - Shot by Trevor Lewis.
12:18 of 3rd period - Shot Misses the Net.
13:30 of 3rd period - Shot by Mikhail Grabovski.
13:30 of 3rd period - Stopped by Sergei Bobrovsky without a rebound.
13:31 of 3rd period - Saku Koivu wins face-off versus Jarret Stoll in Devils zone.
13:38 of 3rd period - Kyle Palmieri is hit by Jonathan Huberdeau and loses puck.
13:48 of 3rd period - Icing by Jamie McBain.
13:49 of 3rd period - Jarret Stoll wins face-off versus Mark Letestu in Kings zone.
13:49 of 3rd period - Dustin Penner is hit by Tommy Wingels and loses puck.
13:55 of 3rd period - Jamie McBain is hit by Mark Streit and loses puck.
15:04 of 3rd period - Off-side.
15:05 of 3rd period - Saku Koivu wins face-off versus Ryan Nugent-Hopkins in neutral zone.
15:10 of 3rd period - Icing by Sergei Gonchar.
15:11 of 3rd period - Saku Koivu wins face-off versus Ryan Nugent-Hopkins in Kings zone.
15:20 of 3rd period - Mike Weaver is hit by Nail Yakupov and loses puck.
16:08 of 3rd period - Shot by James van Riemsdyk.
16:08 of 3rd period - Shot Blocked by Tobias Enstrom.
16:10 of 3rd period - Shot by James van Riemsdyk.
16:10 of 3rd period - Stopped by Jacob Markstrom with a rebound.
16:22 of 3rd period - Nikita Nikitin is hit by Ryan Nugent-Hopkins and loses puck.
16:37 of 3rd period - Shot by James van Riemsdyk.
16:37 of 3rd period - Shot Misses the Net.
16:50 of 3rd period - Icing by Sergei Gonchar.
16:51 of 3rd period - Ryan Nugent-Hopkins wins face-off versus Vladimir Sobotka in Kings zone.
16:53 of 3rd period - Icing by Sergei Gonchar.
16:54 of 3rd period - Vladimir Sobotka wins face-off versus Ryan Nugent-Hopkins in Kings zone.
17:30 of 3rd period - Nail Yakupov is hit by Antoine Roussel and loses puck.
17:47 of 3rd period - Shot by Saku Koivu.
17:47 of 3rd period - Shot Misses the Net.
18:08 of 3rd period - Icing by Nikita Nikitin.
18:09 of 3rd period - Saku Koivu wins face-off versus Jarret Stoll in Devils zone.
18:09 of 3rd period - Saku Koivu is hit by Dustin Penner.
18:38 of 3rd period - Minor Penalty to Jarret Stoll for High sticking.
18:39 of 3rd period - Matt Hendricks wins face-off versus Artem Anisimov in Kings zone.


Output by the SimonT Hockey Simulator (STHS) for Stephane Roy -- Original Page W3C XHTML 1.0 Valid
Hockey Simulator - Hockey Simulation - Hockey Manager